[Event "Team 45 45 League T36"]
[Site "Internet Chess Club"]
[Date "2008.02.21"]
[Round "5"]
[White "scar99"]
[Black "Klondike"]
[Result "1-0"]
[WhiteElo "1456"]
[BlackElo "1416"]
[Opening "French: classical, Steinitz variation"]
[ECO "C14"]
[Time "12:11:21"]
[TimeControl "2700+45"]

1. e4 e6 2. d4 d5 3. Nc3 Nf6 4. Bg5 Be7 5. e5 Nfd7 6. Bxe7 Qxe7 7. f4 a6 8. Nf3
c5 9. Be2 Nc6 10. Qd2 cxd4 11. Nxd4 Nxd4 12. Qxd4 Nb8 13. O-O-O Nc6 14. Qf2 b5
15. g4 Bb7 16. Bf3 Rc8 17. Rhe1 Qb4 18. f5 Qf4+ 19. Kb1 Nxe5 20. Qb6 O-O 21.
Rxe5 Qxf3 22. Qxb7 Rxc3 23. Ree1 Re3 24. Rf1 Qxg4 25. Qxa6 Re2 26. fxe6 fxe6 27.
Rxf8+ Kxf8 28. Rf1+ Ke7 29. Qb7+ Kd6 30. Qb6+ Ke5 31. Qxb5 Qe4 32. Qb8+ Kd4 33.
Rd1+ Ke3 34. Qg3+ Qf3 35. Rd3+ {Black resigns} 1-0

[Event "Team 45 45 League T36"]
[Site "Internet Chess Club"]
[Date "2008.02.21"]
[Round "5"]
[White "Aquaman"]
[Black "MathWorker"]
[Result "0-1"]
[WhiteElo "1402"]
[BlackElo "1547"]
[Opening "Réti: King's Indian attack (Barcza system)"]
[ECO "A07"]
[Time "21:00:35"]
[TimeControl "2700+45"]

1. Nf3 d5 2. g3 Nc6 3. Bg2 Nf6 4. d3 e5 5. Nbd2 Be7 6. O-O Bg4 7. h3 Bh5 8. e4
dxe4 9. dxe4 Bg6 10. Re1 Qd7 11. c3 O-O-O 12. Qe2 Bc5 13. b4 Bb6 14. a4 a6 15.
b5 axb5 16. axb5 Na7 17. c4 Qe7 18. Ba3 Qe8 19. Bb2 Nd7 20. Nb3 f6 21. Rac1 Nc5
22. Nxc5 Bxc5 23. Ra1 Kb8 24. Ba3 Qe7 25. Bb2 Nc8 26. h4 Nb6 27. Nd2 Bf7 28.
Rec1 Rd7 29. Nb3 Rhd8 30. Bf1 Rd3 31. Nxc5 Qxc5 32. Ba3 Rxg3+ 33. Kh2 Rxa3 34.
Rab1 Rad3 35. Qe1 Rd2 36. Kg2 Bg6 37. Be2 Bxe4+ 38. Kf1 Bxb1 39. Rxb1 R8d4 40.
f3 Na4 41. Rc1 Nb2 42. Qg3 Qe7 43. Re1 Nxc4 44. Bxc4 Rxc4 45. Qh3 Qd8 46. Qg3 g6
47. Ra1 Rd1+ 48. Rxd1 Qxd1+ 49. Kg2 Rc2+ 50. Kh3 Qf1+ 51. Kg4 h5# {White
checkmated} 0-1

[Event "Team 45 45 League T36"]
[Site "Internet Chess Club"]
[Date "2008.02.24"]
[Round "5"]
[White "Mustard"]
[Black "badmove"]
[Result "1-0"]
[WhiteElo "1853"]
[BlackElo "1642"]
[Opening "Vienna game"]
[ECO "C27"]
[Time "15:59:53"]
[TimeControl "2700+45"]

1. e4 e5 2. Nc3 Nf6 3. Bc4 Nxe4 4. Nxe4 d5 5. Bxd5 Qxd5 6. Qf3 Nc6 7. Nf6+ gxf6
8. Qxd5 Be6 9. Qe4 f5 10. Qa4 O-O-O 11. c3 Rg8 12. g3 Rg4 13. Qc2 f4 14. b4 Kb8
15. f3 Rg6 16. g4 Bc4 17. Bb2 Bd3 18. Qb3 e4 19. O-O-O Rgd6 20. Nh3 Be2 21. fxe4
Bxd1 22. Rxd1 f3 23. d4 f2 24. g5 Be7 25. Nxf2 Bxg5+ 26. Kb1 Be3 27. Ng4 Bg5 28.
Qxf7 R6d7 29. Qh5 Rg8 30. Rf1 Nd8 31. Ne5 Rd6 32. Qxh7 {Black resigns} 1-0

[Event "Team 45 45 League T36"]
[Site "Internet Chess Club"]
[Date "2008.02.26"]
[Round "5"]
[White "BHogan"]
[Black "OOB1"]
[Result "1-0"]
[WhiteElo "1653"]
[BlackElo "1569"]
[Opening "Queen's gambit declined"]
[ECO "D30"]
[Time "20:18:20"]
[TimeControl "2700+45"]

1. d4 d5 2. c4 e6 3. Nf3 Nf6 4. g3 a6 5. cxd5 exd5 6. Bg2 Be7 7. O-O Nc6 8. a3
Be6 9. Bf4 Bd6 10. Bxd6 Qxd6 11. Nc3 h6 12. Qb3 Rb8 13. e3 O-O 14. Ne2 Na5 15.
Qc2 Rbc8 16. Nf4 Nc6 17. h3 Ne7 18. Qb3 b5 19. Qb4 Qxb4 20. axb4 Ra8 21. Rfc1 c6
22. Ne5 Rfc8 23. Ra3 Rc7 24. Rca1 Rca7 25. Nfd3 Nd7 26. Nxd7 Bxd7 27. Nc5 Bc8
28. Rc1 a5 29. Nd3 axb4 30. Rxa7 Rxa7 31. Nxb4 Bd7 32. g4 Ra4 33. Nd3 Rc4 34.
Ra1 Ra4 35. Rxa4 bxa4 36. Nc5 f5 37. Nxd7 fxg4 38. hxg4 Nc8 39. e4 dxe4 40. Bxe4
Ne7 41. Kg2 g5 42. Ne5 Nd5 43. Nxc6 Nf4+ 44. Kh2 Kf7 45. Bc2 Ke6 46. f3 Kd5 47.
Bxa4 Ne2 48. Ne7+ Kxd4 49. b4 Kc4 50. b5 Kc5 51. Nc8 Nd4 52. b6 Nxf3+ 53. Kg3
Nd4 54. b7 Nc6 55. Bxc6 {Black resigns} 1-0

[Event "Team 45 45 League T36"]
[Site "Internet Chess Club"]
[Date "2008.02.22"]
[Round "5"]
[White "Fidelian"]
[Black "SATELLITE-DAN"]
[Result "0-1"]
[WhiteElo "1301"]
[BlackElo "1550"]
[Opening "Four knights: Spanish, classical defense"]
[ECO "C48"]
[Time "14:00:22"]
[TimeControl "2700+45"]

1. e4 e5 2. Nf3 Nc6 3. Nc3 Nf6 4. Bb5 Bc5 5. Bxc6 dxc6 6. h3 Be6 7. Nxe5 Bxf2+
8. Kxf2 Qd4+ 9. Kf1 Qxe5 10. d3 O-O-O 11. Qf3 h6 12. Bf4 Qa5 13. a3 c5 14. Kf2
c4 15. Rad1 Qb6+ 16. Be3 Qxb2 17. Ne2 cxd3 18. cxd3 Kb8 19. Rd2 Qxa3 20. Nf4 g5
21. Nxe6 fxe6 22. Rhd1 Rhf8 23. Ke2 Nd5 24. Qg4 Nc3+ 25. Ke1 Nxd1 26. Kxd1 Qa1+
27. Ke2 Qf1# {White checkmated} 0-1

[Event "Team 45 45 League T36"]
[Site "Internet Chess Club"]
[Date "2008.02.24"]
[Round "5"]
[White "ElectricBishop"]
[Black "Mfalme"]
[Result "1-0"]
[WhiteElo "1806"]
[BlackElo "1324"]
[Opening "Réti opening"]
[ECO "A04"]
[Time "09:00:00"]
[TimeControl "2700+45"]

1. Nf3 d6 2. g3 c5 3. e4 Nc6 4. Bg2 Bg4 5. d3 h6 6. Be3 e6 7. c3 Qf6 8. Nbd2 Ne5
9. Qa4+ Nc6 10. e5 Qe7 11. Qxg4 {Black resigns} 1-0

[Event "Team 45 45 League T36"]
[Site "Internet Chess Club"]
[Date "2008.02.22"]
[Round "5"]
[White "GolfSuper"]
[Black "allanchs"]
[Result "0-1"]
[WhiteElo "1579"]
[BlackElo "1529"]
[Opening "Ruy Lopez: closed, Chigorin defense"]
[ECO "C97"]
[Time "08:02:17"]
[TimeControl "2700+45"]

1. e4 e5 2. Nf3 Nc6 3. Bb5 a6 4. Ba4 Nf6 5. O-O Be7 6. Re1 b5 7. Bb3 d6 8. h3
O-O 9. c3 Na5 10. Bc2 c5 11. d4 Qc7 12. dxe5 dxe5 13. b3 Bb7 14. Nbd2 Rad8 15.
Qe2 c4 16. b4 Nc6 17. a4 Rfe8 18. Nf1 Bf8 19. Ng3 g6 20. a5 Bg7 21. Be3 Qd6 22.
h4 Nh5 23. Nxh5 gxh5 24. Ng5 h6 25. Nf3 Qg6 26. Rad1 Ne7 27. Bb6 Rd6 28. Bc7
Rxd1 29. Rxd1 Nc8 30. Rd8 Rxd8 31. Bxd8 Nd6 32. Bc7 Bxe4 33. Bxd6 Bxc2 34. Bxe5
Bd3 35. Qe3 Qe6 36. Bxg7 Qxe3 37. fxe3 Kxg7 38. Kf2 Kf6 39. Nd4 Be4 40. g3 Ke5
41. Ne2 Kf6 42. Nf4 Bg6 43. Kf3 Ke5 44. Nxg6+ fxg6 45. e4 g5 46. hxg5 hxg5 47.
Ke3 h4 {White resigns} 0-1

[Event "Team 45 45 League T36"]
[Site "Internet Chess Club"]
[Date "2008.02.21"]
[Round "5"]
[White "crag"]
[Black "twinders"]
[Result "0-1"]
[WhiteElo "1523"]
[BlackElo "1705"]
[Opening "Sicilian: Najdorf, Byrne (English) attack"]
[ECO "B90"]
[Time "18:58:09"]
[TimeControl "2700+45"]

1. e4 c5 2. Nf3 d6 3. d4 cxd4 4. Nxd4 Nf6 5. Nc3 a6 6. Be3 b5 7. a3 Bb7 8. Bd3
Nbd7 9. O-O e6 10. Qd2 Be7 11. Rad1 O-O 12. Nf3 Nc5 13. e5 dxe5 14. Nxe5 Nxd3
15. Qxd3 Qxd3 16. Nxd3 Rac8 17. Ne5 Bxa3 18. Nxb5 axb5 19. bxa3 Rxc2 20. Nd7
Nxd7 21. Rxd7 Bd5 22. Ra7 Rfc8 23. Ra5 Bc4 24. Rc1 Rxc1+ 25. Bxc1 Rd8 26. Bd2 h6
27. Be1 Rd1 {White resigns} 0-1

[Event "Team 45 45 League T36"]
[Site "Internet Chess Club"]
[Date "2008.02.24"]
[Round "5"]
[White "strudel"]
[Black "Mudfrog"]
[Result "1/2-1/2"]
[WhiteElo "1432"]
[BlackElo "1462"]
[Opening "French: Steinitz, Boleslavsky variation"]
[ECO "C11"]
[Time "12:28:32"]
[TimeControl "2700+45"]

1. e4 e6 2. d4 d5 3. Nc3 Nf6 4. e5 Nfd7 5. f4 c5 6. Nf3 Nc6 7. Be3 Qb6 8. Bb5 a6
9. Bxc6 Qxc6 10. Qd2 b6 11. h4 Be7 12. O-O-O b5 13. Kb1 b4 14. Ne2 c4 15. Nc3
bxc3 16. Qxc3 Rb8 17. Bc1 Bb4 18. Qe3 Qa4 19. c3 Ba3 20. Qe2 Rb5 21. g4 Be7 22.
Qc2 Nb6 23. g5 Ra5 24. Qxa4+ Nxa4 25. h5 Rb5 26. Kc2 f6 27. Rdg1 f5 28. Rh2 a5
29. Nh4 Kd7 30. Kd1 Ba6 31. Nf3 Rhb8 32. Rgg2 Nb6 33. h6 g6 34. Nh4 a4 35. a3
Nc8 36. Nxg6 Bxa3 37. bxa3 Rb1 38. Rb2 R8xb2 39. Rxb2 Rxb2 40. Bxb2 Ke8 41. Nh8
Kf8 42. g6 Kg8 43. g7 Ne7 44. Bc1 Ng6 45. Ke2 Nxh8 46. gxh8=Q+ Kxh8 47. Bd2 Kg8
48. Be1 Kf7 49. Bh4 {Game drawn by mutual agreement} 1/2-1/2

[Event "Team 45 45 League T36"]
[Site "Internet Chess Club"]
[Date "2008.02.25"]
[Round "5"]
[White "Pickle"]
[Black "mrmarck"]
[Result "1-0"]
[WhiteElo "1374"]
[BlackElo "1309"]
[Opening "Scandinavian (center counter) defense"]
[ECO "B01"]
[Time "13:00:00"]
[TimeControl "2700+45"]

1. e4 d5 2. exd5 Qxd5 3. Nc3 Qa5 4. Nf3 Nf6 5. d4 c6 6. Bf4 Ne4 7. Bd2 Nxd2 8.
Qxd2 Bf5 9. Bd3 Bg4 10. Qe3 e6 11. a3 Nd7 12. b4 Qc7 13. O-O Bd6 14. Rfe1 Bf4
15. Qe2 Bxh2+ 16. Kf1 h5 17. b5 h4 18. d5 h3 19. dxc6 hxg2+ 20. Kxg2 bxc6 21.
bxc6 Qxc6 22. Be4 Qxc3 23. Bxa8 Ne5 24. Qb5+ Ke7 25. Qb4+ Qxb4 26. axb4 Rxa8 27.
Nxe5 Bxe5 28. Rxe5 Kd6 29. Rg5 Bf5 30. Rxg7 Bg6 31. Ra6+ Kd5 32. b5 Bxc2 33.
Rxf7 Rg8+ 34. Kf3 Be4+ 35. Kf4 Bd3 36. Rd7+ Kc4 37. Raxa7 Kxb5 38. Rxd3 Rf8+ 39.
Ke3 Kb6 40. Rad7 Kc6 41. Rd8 Rf5 42. Rc8+ Kb7 43. Rc2 Re5+ 44. Kd2 Rb5 45. Kc1
e5 46. Rb2 Kb6 47. Rxb5+ Kxb5 48. Re3 {Black resigns} 1-0

[Event "Team 45 45 League T36"]
[Site "Internet Chess Club"]
[Date "2008.02.25"]
[Round "5"]
[White "alexcluster"]
[Black "WFN2"]
[Result "0-1"]
[WhiteElo "1829"]
[BlackElo "2293"]
[Opening "Modern defense"]
[ECO "A40"]
[Time "16:05:35"]
[TimeControl "2700+45"]

1. d4 g6 2. Nf3 Bg7 3. g3 c5 4. c3 cxd4 5. cxd4 d5 6. Bg2 Nc6 7. O-O Bg4 8. e3
e6 9. Qb3 Qb6 10. Qxb6 axb6 11. Bd2 b5 12. Nc3 b4 13. Nb5 Kd7 14. a3 bxa3 15.
bxa3 Nh6 16. Ne1 Be2 17. a4 Bxb5 {White resigns} 0-1

[Event "Team 45 45 League T36"]
[Site "Internet Chess Club"]
[Date "2008.02.23"]
[Round "5"]
[White "SluMan"]
[Black "hualpe"]
[Result "1-0"]
[WhiteElo "1996"]
[BlackElo "1807"]
[Opening "English, 1...Nf6 (Anglo-Indian defense)"]
[ECO "A15"]
[Time "09:04:29"]
[TimeControl "2700+45"]

1. c4 Nf6 2. g3 c6 3. Bg2 d5 4. Nf3 g6 5. b3 Bg7 6. Bb2 dxc4 7. bxc4 Qb6 8. Qc2
Bf5 9. d3 Ng4 10. Bxg7 Qxf2+ 11. Kd2 Rg8 12. Bd4 Qxg2 13. Nc3 Nd7 14. h3 c5 15.
Rag1 Qxh1 16. Rxh1 cxd4 17. Nd5 Ne3 18. Nxe3 dxe3+ 19. Kxe3 f6 20. Nd4 Kf7 21.
g4 Be6 22. Nxe6 Kxe6 23. d4 Kf7 24. c5 e6 25. Rb1 Rab8 26. Qa4 Ke7 27. Qxa7 Ra8
28. Qxb7 Rgb8 29. Qe4 Ra3+ 30. Rb3 Rbxb3+ 31. axb3 Rxb3+ 32. Kd2 f5 33. gxf5
gxf5 34. Qc6 Rb2+ 35. Ke1 Nf6 36. Qc7+ Ke8 37. c6 Ne4 38. Qd7+ Kf8 39. e3 Rb1+
40. Ke2 Rb2+ 41. Kd1 Nf2+ 42. Ke1 Nd3+ 43. Kf1 Rb1+ 44. Ke2 Nb4 45. c7 Rb2+ 46.
Kf3 {Black resigns} 1-0

[Event "Team 45 45 League T36"]
[Site "Internet Chess Club"]
[Date "2008.02.25"]
[Round "5"]
[White "Avedldesierto"]
[Black "Zillmer"]
[Result "1/2-1/2"]
[WhiteElo "1863"]
[BlackElo "1967"]
[Opening "King's pawn opening"]
[ECO "B07"]
[Time "18:06:16"]
[TimeControl "2700+45"]

1. e4 d6 2. a3 Nf6 3. d3 g6 4. c3 Bg7 5. Be3 c5 6. Qd2 Ng4 7. h3 Nxe3 8. Qxe3
Qb6 9. b4 cxb4 10. axb4 Qxe3+ 11. fxe3 Nc6 12. d4 O-O 13. Bd3 b6 14. Na3 Bb7 15.
Nc4 Rfc8 16. Ne2 b5 17. Na5 Nxa5 18. Rxa5 a6 19. Kd2 Rc7 20. Rha1 Rcc8 {Game
drawn by mutual agreement} 1/2-1/2

[Event "Team 45 45 League T36"]
[Site "Internet Chess Club"]
[Date "2008.02.21"]
[Round "5"]
[White "chipionero"]
[Black "kassy"]
[Result "1-0"]
[WhiteElo "1703"]
[BlackElo "1759"]
[Opening "QGD: 4.Nf3"]
[ECO "D37"]
[Time "16:05:17"]
[TimeControl "2700+45"]

1. d4 Nf6 2. Nf3 e6 3. c4 d5 4. Nc3 Be7 5. e3 dxc4 6. Bxc4 O-O 7. O-O c5 8. d5
exd5 9. Nxd5 b6 10. Nxe7+ Qxe7 11. Qc2 Bb7 12. Be2 Nc6 13. a3 Rfd8 14. b3 Rac8
15. Bb2 Na5 16. Ng5 Ne4 17. Nxe4 Bxe4 18. Qc3 Qg5 19. f3 Bd5 20. Bd1 c4 21. Rc1
Be6 22. f4 Qh6 23. f5 Rd3 24. Qe5 Rxe3 25. Qxg7+ Qxg7 26. Bxg7 Kxg7 27. fxe6 Re4
28. Rxf7+ Kg8 29. Rxa7 Rxe6 30. Bg4 Rce8 31. Bxe6+ Rxe6 32. bxc4 Rc6 33. Rd1 Rc8
34. c5 Nc6 35. cxb6 Rb8 36. Rdd7 Rxb6 37. Ra8+ Nb8 38. Rd8+ Kg7 {Black resigns}
1-0

[Event "Team 45 45 League T36"]
[Site "Internet Chess Club"]
[Date "2008.02.26"]
[Round "5"]
[White "DctSccr"]
[Black "Qui"]
[Result "1-0"]
[WhiteElo "2206"]
[BlackElo "2031"]
[Opening "QGD: 6.Nf3"]
[ECO "D55"]
[Time "14:03:11"]
[TimeControl "2700+45"]

1. Nf3 d5 2. d4 Nf6 3. c4 e6 4. Nc3 Be7 5. Bg5 O-O 6. e3 b6 7. cxd5 exd5 8. Bd3
Bg4 9. h3 Bh5 10. O-O c6 11. Rc1 Ne8 12. Bxe7 Qxe7 13. e4 Nc7 14. Re1 Qb4 15.
Nxd5 Nxd5 16. exd5 cxd5 17. Re5 Bxf3 18. Qxf3 Nd7 19. Qf5 Nf6 20. Rc6 Ne4 21.
Rxd5 Rae8 22. Re5 Qe1+ 23. Kh2 Qxf2 24. Qxe4 f5 25. Qd5+ Kh8 26. Rxf5 Qh4 27.
Rxf8+ Rxf8 28. Qf5 Re8 29. Rc8 Rg8 30. Rxg8+ Kxg8 31. Bc4+ {Black resigns} 1-0

[Event "Team 45 45 League T36"]
[Site "Internet Chess Club"]
[Date "2008.02.25"]
[Round "5"]
[White "smitty120"]
[Black "andreip"]
[Result "1/2-1/2"]
[WhiteElo "1956"]
[BlackElo "2040"]
[Opening "Caro-Kann: two knights variation"]
[ECO "B10"]
[Time "16:02:35"]
[TimeControl "2700+45"]

1. e4 c6 2. Nf3 d5 3. Nc3 dxe4 4. Nxe4 Bf5 5. Ng3 Bg6 6. d4 e6 7. h4 h6 8. h5
Bh7 9. Bd3 Bxd3 10. Qxd3 Nf6 11. Bf4 Bd6 12. Ne5 Qc7 13. c4 Nbd7 14. Nxd7 Qxd7
15. Bxd6 Qxd6 16. O-O O-O 17. Ne4 Qf4 18. Nxf6+ Qxf6 19. Qe4 Rfd8 20. Rad1 Rd7
21. Rd3 Rad8 22. Rfd1 Qg5 23. Qf3 Qa5 24. a3 Qa6 25. c5 Qc4 26. Qe4 Qd5 27. Qg4
Qc4 28. Rg3 f6 29. Qg6 Kh8 30. Rdd3 Qc1+ 31. Kh2 Qxb2 32. Rg4 Qxf2 33. Rf3 Qd2
34. Rxf6 gxf6 35. Qxf6+ Kh7 36. Qg6+ Kh8 37. Qf6+ Kh7 38. Qg6+ Kh8 {Game drawn
by mutual agreement} 1/2-1/2

[Event "Team 45 45 League T36"]
[Site "Internet Chess Club"]
[Date "2008.02.23"]
[Round "5"]
[White "Fegary"]
[Black "viking99"]
[Result "1-0"]
[WhiteElo "2009"]
[BlackElo "1842"]
[Opening "French: Tarrasch, closed variation"]
[ECO "C05"]
[Time "14:06:13"]
[TimeControl "2700+45"]

1. e4 e6 2. d4 d5 3. Nd2 Nf6 4. e5 Nfd7 5. c3 c5 6. Ngf3 Nc6 7. Bd3 Be7 8. a3
cxd4 9. cxd4 Qb6 10. O-O Nxd4 11. Nxd4 Qxd4 12. Nf3 Qg4 13. Be3 Nc5 14. h3 Qa4
15. Bc2 Qd7 16. Qd4 Qb5 17. b4 Nd7 18. Rfc1 Nb6 19. Bd3 Nc4 20. Bg5 Bxg5 21.
Nxg5 h6 22. Bxc4 dxc4 23. Ne4 O-O 24. Rxc4 b6 25. Rc7 f5 26. exf6 e5 27. Rxg7+
Kh8 28. Qd6 Bf5 29. Qc7 Bxe4 30. Rh7+ {Black forfeits on time} 1-0

[Event "Team 45 45 League T36"]
[Site "Internet Chess Club"]
[Date "2008.02.29"]
[Round "5"]
[White "BIGGY"]
[Black "DocHoliday"]
[Result "1-0"]
[WhiteElo "1769"]
[BlackElo "1835"]
[Opening "Bird's opening"]
[ECO "A03"]
[Time "18:28:36"]
[TimeControl "2700+45"]

1. f4 d5 2. Nf3 Nf6 3. b3 Bf5 4. Bb2 Nbd7 5. e3 e6 6. d3 h6 7. Nbd2 Be7 8. g3 c6
9. Bg2 O-O 10. O-O Ng4 11. Qe2 Bc5 12. Bd4 Qb6 13. Bxc5 Qxc5 14. Nd4 Ngf6 15.
Kh1 Bg4 16. Qf2 Qc3 17. h3 c5 18. Nb5 Qa5 19. a4 Bf5 20. e4 Bh7 21. Rae1 a6 22.
Nd6 Qc7 23. e5 Ne8 24. Nxe8 Raxe8 25. Nf3 b5 26. axb5 axb5 27. Ra1 Ra8 28. Rfc1
Ra7 29. b4 Rfa8 30. Rxa7 Rxa7 31. bxc5 Qxc5 32. Qxc5 Nxc5 33. Rb1 Rb7 34. Ra1
Rb8 35. Nd4 Nd7 36. Rb1 b4 37. Nc6 Rb6 38. Nxb4 Nc5 39. Rb2 Na6 40. Ra2 Rxb4 41.
Rxa6 g5 42. fxg5 hxg5 43. Kg1 Rb1+ 44. Kf2 Rb2 45. Ke3 Rxc2 46. Bf1 Kg7 47. Ra4
Bf5 48. h4 g4 49. Be2 Rb2 50. Bxg4 Bg6 51. Rf4 Rg2 52. Bf3 Rxg3 53. Kf2 Rxf3+
54. Rxf3 Kh6 55. Kg3 Kh5 56. d4 Bf5 57. Rc3 Kh6 58. Rc8 Bh7 59. Kg4 Bf5+ 60. Kf4
Bh7 61. Rh8 Kg7 62. Rxh7+ Kxh7 63. Kg5 Kg7 64. h5 {Black resigns} 1-0

[Event "Team 45 45 League T36"]
[Site "Internet Chess Club"]
[Date "2008.02.24"]
[Round "5"]
[White "Ocho-Cinco"]
[Black "OrangeKing"]
[Result "1-0"]
[WhiteElo "1753"]
[BlackElo "1687"]
[Opening "Scandinavian defense"]
[ECO "B01"]
[Time "18:03:16"]
[TimeControl "2700+45"]

1. e4 d5 2. exd5 Nf6 3. Nc3 Nxd5 4. Bc4 Nb6 5. Bb3 Bf5 6. Qf3 Qc8 7. Nge2 e6 8.
O-O Nc6 9. a3 Bd6 10. d4 Qd7 11. d5 Ne5 12. Qg3 Ng4 13. dxe6 fxe6 14. Bf4 Bxf4
15. Nxf4 O-O-O 16. Rad1 Qe7 17. Rde1 e5 18. Nfd5 Nxd5 19. Nxd5 Qc5 20. h3 Nf6
21. Qxe5 Rxd5 22. Bxd5 Qxd5 23. Qxd5 Nxd5 24. Re5 Bxc2 25. Rxd5 Re8 26. Rc1 Ba4
27. Rd2 Bc6 28. Rdc2 Re6 29. b4 a6 30. a4 Re5 31. a5 Rg5 32. g3 h5 33. Rc5 Rxc5
34. Rxc5 g6 35. Rg5 Be4 36. Kf1 Kd7 37. Ke2 Bf5 38. g4 hxg4 39. hxg4 Bb1 40. f4
b5 41. Ke3 c6 42. Kd4 Kd6 43. f5 gxf5 44. gxf5 Ba2 45. Rg6+ Kd7 46. Kc5 Bb1 47.
Rd6+ Kc7 48. Rxc6+ Kb7 49. f6 Ba2 50. Rd6 Bc4 51. f7 {Black resigns} 1-0

[Event "Team 45 45 League T36"]
[Site "Internet Chess Club"]
[Date "2008.02.24"]
[Round "5"]
[White "quotha"]
[Black "GrandPoobah069"]
[Result "0-1"]
[WhiteElo "1502"]
[BlackElo "1685"]
[Opening "Sicilian"]
[ECO "B50"]
[Time "16:05:29"]
[TimeControl "2700+45"]

1. e4 c5 2. Nf3 d6 3. c3 Nf6 4. d3 Nc6 5. Be2 e6 6. O-O Be7 7. h3 O-O 8. Be3 b6
9. Nbd2 Bb7 10. Re1 Qc7 11. Bf4 e5 12. Bh2 Rad8 13. Nf1 d5 14. exd5 Nxd5 15.
Nxe5 Bd6 16. Nf3 Nf4 17. N1d2 Nxe2+ 18. Qxe2 Bxh2+ 19. Nxh2 Qd7 20. Rad1 Qxd3
21. Qxd3 Rxd3 22. Nc4 Rxd1 23. Rxd1 Ba6 24. Ne3 Rd8 25. Rxd8+ Nxd8 26. Nf3 Bb7
27. Ne5 Nc6 28. Nxc6 Bxc6 29. c4 Kf8 30. f4 g6 31. g4 Ke7 32. Kf2 a6 33. Kg3 Be4
34. Kh4 h6 35. g5 h5 36. f5 Kd6 37. fxg6 fxg6 38. Kg3 Ke5 39. h4 Kd4 40. Kf4 Bd3
41. b3 Bb1 42. Nd5 b5 43. Ne7 bxc4 44. bxc4 Kxc4 45. Ke5 Kb4 46. Kf6 c4 47. Nxg6
Bxg6 48. Kxg6 c3 49. Kxh5 c2 50. g6 c1=Q 51. g7 Qc4 52. Kg5 Qxa2 53. h5 Qe6 54.
h6 Qf7 {White resigns} 0-1

The results have been changed to reflect jazzyrick as winning the game against bjc.

fredd
dTD Iguazu

[Event "Team 45 45 League T36"]
[Site "Internet Chess Club"]
[Date "2008.02.22"]
[Round "5"]
[White "bart0"]
[Black "matein7"]
[Result "0-1"]
[WhiteElo "1758"]
[BlackElo "1943"]
[Opening "Scandinavian defense"]
[ECO "B01"]
[Time "14:06:37"]
[TimeControl "2700+45"]

1. e4 d5 2. exd5 Nf6 3. d4 Bg4 4. f3 Bf5 5. Bb5+ Nbd7 6. c4 a6 7. Bxd7+ Qxd7 8.
Ne2 c6 9. dxc6 Qxc6 10. Qb3 e6 11. Bf4 Be7 12. O-O O-O 13. Nbc3 Rac8 14. c5 Rfd8
15. Rad1 Nd7 16. Ng3 Bg6 17. Nce4 e5 18. dxe5 Nxc5 19. Nxc5 Qxc5+ 20. Kh1 Rxd1
21. Qxd1 Qc4 22. Qc1 Qe6 23. Qd2 Rc2 24. Qd4 Qxa2 25. Bc1 Qe6 26. Rd1 h6 27. Ne4
Rc4 28. Qd7 Qxd7 {White resigns} 0-1

[Event "Team 45 45 League T36"]
[Site "Internet Chess Club"]
[Date "2008.02.24"]
[Round "5"]
[White "markgravitygood"]
[Black "Oblique"]
[Result "1-0"]
[WhiteElo "1834"]
[BlackElo "1709"]
[Opening "Scandinavian (center counter) defense"]
[ECO "B01"]
[Time "14:02:27"]
[TimeControl "2700+45"]

1. e4 d5 2. exd5 Qxd5 3. Nf3 Nf6 4. Nc3 Qd6 5. d4 a6 6. Be2 b5 7. a3 Bb7 8. Be3
Nbd7 9. Qd2 e6 10. O-O Be7 11. Bf4 Qb6 12. Rad1 O-O 13. Bg3 c5 14. Rfe1 Rad8 15.
dxc5 Bxc5 16. b4 Be7 17. Qf4 Rc8 18. Rd3 Nh5 19. Qd2 Nxg3 20. hxg3 Nf6 21. Bd1
a5 22. bxa5 Qxa5 23. Re5 Rc5 24. Nd5 Qa7 25. Nxe7+ Kh8 26. Rd8 Ne8 27. Qd4 Bxf3
28. Qxc5 Bxd1 29. Qxa7 {Black resigns} 1-0

[Event "Team 45 45 League T36"]
[Site "Internet Chess Club"]
[Date "2008.02.25"]
[Round "5"]
[White "chess92192"]
[Black "Ghashgork"]
[Result "1-0"]
[WhiteElo "1714"]
[BlackElo "1624"]
[Opening "Sicilian: dragon, classical, 8.O-O"]
[ECO "B73"]
[Time "16:30:54"]
[TimeControl "2700+45"]

1. e4 c5 2. Nf3 d6 3. d4 cxd4 4. Nxd4 Nf6 5. Nc3 g6 6. Be3 Bg7 7. Be2 Nc6 8. O-O
Bd7 9. Nb3 O-O 10. Qd2 Ne5 11. Bh6 Rc8 12. Bxg7 Kxg7 13. Rad1 Be6 14. Nd4 Bc4
15. f4 Bxe2 16. fxe5 Bxf1 17. exf6+ exf6 18. Kxf1 a6 19. Nf3 Qb6 20. b3 Qc6 21.
Nd5 Qxc2 22. Qd4 Rfe8 23. Nxf6 Re5 24. Nd7 f6 25. Ndxe5 dxe5 26. Qd2 Qc5 27. Ne1
a5 28. Qd7+ Kh8 29. Qxb7 Rc7 30. Rd8+ Kg7 31. Rc8 Qe3 32. Qxc7+ Kh6 33. Qc1
{Black resigns} 1-0

[Event "Team 45 45 League T36"]
[Site "Internet Chess Club"]
[Date "2008.02.26"]
[Round "5"]
[White "joshtournman"]
[Black "b-spot"]
[Result "0-1"]
[WhiteElo "1600"]
[BlackElo "1740"]
[Opening "Queen's pawn game"]
[ECO "E00"]
[Time "18:56:51"]
[TimeControl "2700+45"]

1. d4 Nf6 2. c4 e6 3. Bd2 b6 4. Nc3 Bb4 5. a3 Bxc3 6. Bxc3 Ne4 7. f3 Qh4+ 8. g3
Nxg3 9. hxg3 Qxh1 10. Nh3 Bb7 11. Qd3 Qh2 12. f4 Bg2 13. Nf2 Qg1 14. e3 Bxf1 15.
Qxf1 Qxf1+ 16. Kxf1 f5 17. Re1 Kf7 18. g4 d6 19. e4 fxe4 20. Nxe4 h6 21. Ng3 Nd7
22. d5 Rhe8 23. Nh5 e5 24. f5 Nf6 25. Nxf6 Kxf6 26. Re4 Rh8 27. b4 h5 28. c5
Rac8 29. c6 Rcg8 30. Bd2 hxg4 31. Rxg4 Kxf5 32. Rg5+ Ke4 33. Rg4+ Kxd5 34. b5
Rh1+ 35. Kg2 Ra1 36. Bb4 Ra2+ 37. Kf3 Rf8+ 38. Ke3 Rf7 39. Rg3 Kc4 40. Rg4+ Kxb5
41. a4+ Rxa4 {White resigns} 0-1

[Event "Team 45 45 League T36"]
[Site "Internet Chess Club"]
[Date "2008.02.24"]
[Round "5"]
[White "Squeaker"]
[Black "CMerli"]
[Result "1/2-1/2"]
[WhiteElo "1986"]
[BlackElo "2344"]
[Opening "King's Indian defense"]
[ECO "E76"]
[Time "18:06:14"]
[TimeControl "2700+45"]

1. d4 Nf6 2. c4 g6 3. f4 Bg7 4. Nc3 O-O 5. e4 d6 6. Bd3 c5 7. d5 e6 8. f5 exf5
9. exf5 Nh5 10. Nge2 Qh4+ 11. g3 Bxc3+ 12. bxc3 Qh3 13. Bh6 Re8 14. fxg6 fxg6
15. Kd2 Nf6 16. Bg5 Ne4+ 17. Bxe4 Rxe4 18. Nf4 Qf5 19. h4 Nd7 20. Rf1 Nb6 21.
Ne6 Nxc4+ 22. Kc1 Bxe6 23. dxe6 Qxe6 24. Rf6 Qe5 25. Qf3 Re1+ 26. Kc2 Rxa1 27.
Bh6 Rxa2+ 28. Kd3 Nb2+ 29. Kc2 Na4+ 30. Kb3 Qxc3+ 31. Qxc3 Nxc3 32. Kxc3 d5 33.
Rd6 d4+ 34. Kc4 Rc2+ 35. Kd5 d3 36. Ke4 d2 37. Bxd2 Re8+ 38. Kf3 Re7 39. Bh6 Kf7
40. Bg5 Rc7 41. Rf6+ Kg7 42. g4 Rf7 43. Rxf7+ Kxf7 44. Ke3 Rc4 45. Bf4 a5 46. h5
a4 47. hxg6+ hxg6 48. g5 a3 49. Be5 a2 50. Kd3 Rd4+ 51. Bxd4 cxd4 52. Kxd4 a1=Q+
53. Ke3 Ke6 54. Kf3 Ke5 55. Kg3 Ke4 56. Kf2 Qc3 57. Kg2 b5 58. Kh2 b4 59. Kg2 b3
60. Kh2 b2 61. Kg2 b1=Q 62. Kh2 Kf5 63. Kg2 Kxg5 64. Kh2 Qbb2+ 65. Kg1 Kf4 66.
Kf1 Qh2 {White stalemated} 1/2-1/2